 Dungeon Crawl Stone Soup version 0.16.2-3-ga078185 (webtiles) character file.

51 gorblad the Skirmisher (level 3, -10/40 HPs)
             Began as an Ogre Fighter on Sept 7, 2015.
             Was an Initiate of Okawaru.
             Mangled by a worm (11 damage)
             ... on level 2 of the Dungeon.
             The game lasted 00:05:56 (2025 turns).

gorblad the Skirmisher (Ogre Fighter)               Turns: 2025, Time: 00:05:57

Health: -10/40     AC:  3    Str: 21    XL:     3   Next: 83%
Magic:  3/3        EV:  7    Int:  7    God:    Okawaru [......]
Gold:   81         SH:  8    Dex: 10    Spells: 0 memorised, 2 levels left

rFire  . . .     SeeInvis .     a - +0 flail
rCold  . . .     Clarity  .     b - +0 robe
rNeg   . . .     SustAb   .     c - +0 shield
rPois  .         Gourm    .     (helmet restricted)
rElec  .         Spirit   .     (no cloak)
rCorr  .         Warding  .     (gloves unavailable)
rMut   .         Stasis   .     (boots unavailable)
MR     .....                    (no amulet)
Stlth  +.........               (no ring)
                                (no ring)

@: not resistant to hostile enchantments, very unstealthy
A: unfitting armour, tough skin 1
a: Renounce Religion


You were on level 2 of the Dungeon.
You worshipped Okawaru.
Okawaru was noncommittal.
You were not hungry.

You visited 1 branch of the dungeon, and saw 2 of its levels.

You collected 81 gold pieces.

Inventory:

Hand weapons
 a - a +0 flail (weapon)
Armour
 b - a +0 robe (worn)
 c - a +0 shield (worn)
Jewellery
 o - an uncursed amulet of warding {unknown}
 p - an uncursed ring of protection from fire {unknown}
Scrolls
 f - a scroll of teleportation {unknown}
 g - 2 scrolls of random uselessness {unknown}
 h - a scroll of magic mapping {unknown}
 k - a scroll of immolation {unknown}
 m - a scroll of blinking {unknown}
 r - a scroll of enchant weapon {unknown}
Potions
 e - 2 potions of might
 j - 2 potions of curing {unknown}
 l - 3 potions of ambrosia {unknown}
 n - a potion of haste {unknown}
 s - a potion of restore abilities {unknown}
 t - a potion of agility {unknown}
Comestibles
 d - a meat ration
 i - 2 bread rations
 q - a slice of pizza


   Skills:
 + Level 4.6 Fighting
 + Level 3.1 Maces & Flails
 + Level 2.7 Armour
 + Level 1.0 Dodging
 + Level 3.1 Shields


You had 2 spell levels left.
You didn't know any spells.

Dungeon Overview and Level Annotations

Branches:
Dungeon (2/15)

Altars:
Cheibriados
Okawaru
Qazlal
Sif Muna
Vehumet
The Shining One


Innate Abilities, Weirdness & Mutations

You are too large for most types of armour.
You have tough skin (AC +1).


Message History

You are too injured to fight recklessly!
You barely miss the worm.
The worm is moderately wounded.
You barely miss the worm.
The worm is moderately wounded.
The worm bites you.
* * * LOW HITPOINT WARNING * * *
You hit the worm.
The worm is heavily wounded.
You block the worm's attack.
You hit the worm.
The worm is heavily wounded.
The worm bites you!
* * * LOW HITPOINT WARNING * * *
You hit the worm.
The worm is severely wounded.
You hit the worm.
The worm is severely wounded.
The worm bites you!
You die...

............'.....#..########.#
........#.###.....#.........#.#
.######.#.#.......#..######.#.#
.# #.#.##......#......##.#.# .#
#.#.#.....#.....##.##.#.#
.######.#.#.......###.##.##.#.#
.[..............>...........#.#
.######...###...w.##.....##.#.#
.# #.........@...........#.# .#
###..###.#.##._..._...#.# .#
##..................#.# .#
#..##.#.#....8..)..#.# .#
#....<.............#.#
'##########.##...#(._..._(..#.#
............................#.#
...######......#.####...##(.#.#
...# #......+............#.#


You could see a worm.

Vanquished Creatures
  An adder (D:2)
  2 worms (D:2)
  2 oozes (D:2)
  5 bats (D:2)
  2 giant cockroaches (D:1)
  4 hobgoblins (D:2)
  5 kobolds
  4 goblins
  A quokka (D:2)
  2 rats
28 creatures vanquished.

Notes
Turn   | Place    | Note
--------------------------------------------------------------
     0 | D:1      | gorblad, the Ogre Fighter, began the quest for the Orb.
     0 | D:1      | Reached XP level 1. HP: 24/24 MP: 1/1
   598 | D:1      | Found a glowing golden altar of the Shining One.
   617 | D:1      | Reached XP level 2. HP: 33/33 MP: 2/2
   806 | D:2      | Found a deep blue altar of Sif Muna.
   808 | D:2      | Found an iron altar of Okawaru.
   813 | D:2      | Found a radiant altar of Vehumet.
   814 | D:2      | Found a stormy altar of Qazlal.
   895 | D:2      | Became a worshipper of Warmaster Okawaru
   988 | D:2      | Reached XP level 3. HP: 38/40 MP: 3/3
   997 | D:2      | Found a snail-covered altar of Cheibriados.
  1634 | D:2      | Reached skill level 1 in Dodging
  2023 | D:2      | HP: 1/40 [worm (11)]
  2025 | D:2      | Mangled by a worm

Action                   || total
-------------------------++-------
Melee: Flail             ||   123
 Stab: Sleeping          ||     1
  Eat: Meat ration       ||     1
